 Dungeon Crawl Stone Soup version 0.18-a0-1121-gb454403 (webtiles) character file.

1905 George the Carver (level 8, -6/93 HPs)
             Began as a Demonspawn Gladiator on Jan 18, 2016.
             Was a Priest of Makhleb.
             Killed from afar by an electric eel (7 damage)
             ... with a bolt of electricity
             ... on level 6 of the Dungeon.
             The game lasted 00:11:58 (5705 turns).

George the Carver (Demonspawn Gladiator)            Turns: 5705, Time: 00:11:58

Health: -6/93      AC: 24    Str: 17    XL:     8   Next: 94%
Magic:  0/12       EV:  2    Int: 10    God:    Makhleb [***...]
Gold:   436        SH:  0    Dex: 14    Spells: 0 memorised, 7 levels left

rFire  + . .     SeeInvis .     a - +0 long sword
rCold  x . .     Gourm    .     (armour currently unavailable)
rNeg   + + +     Faith    .     (no shield)
rPois  +         Spirit   +     (helmet currently unavailable)
rElec  .         Dismiss  .     (cloak currently unavailable)
rCorr  .         Reflect  .     (gloves currently unavailable)
SustAt .         Harm     .     (boots currently unavailable)
MR     .....     NoTele   +     j - amulet of guardian spirit
Stlth  +.........               (no ring)
                                B - ring of fire

@: tree-form, not resistant to hostile enchantments, very unstealthy
A: (hooves 0), rugged brown scales 1, demonic guardian 1, (spiny 0)
a: Minor Destruction, Lesser Servant of Makhleb, Renounce Religion


You were on level 6 of the Dungeon.
You worshipped Makhleb.
Makhleb was most pleased with you.
You were not hungry.
You were a tree.
You visited 2 branches of the dungeon, and saw 7 of its levels.
You also visited: Ossuary.

You collected 436 gold pieces.

Inventory:

Hand Weapons
 a - a +0 long sword (weapon)
 z - a +3 rapier
Missiles
 d - 3 throwing nets (quivered)
Armour
 c - a +1 helmet (melded)
 s - a +0 cloak (melded)
 T - a +0 pair of boots (melded)
 U - a +0 plate armour (melded)
Jewellery
 j - an amulet of guardian spirit (around neck)
 B - a ring of fire (left branch)
Wands
 S - a wand of slowing (16/48)
Scrolls
 k - a scroll of enchant armour
 l - a scroll of remove curse
 o - a scroll of noise {unknown}
 r - 3 scrolls of fog {unknown}
 t - 5 scrolls of identify {unknown}
 w - 2 scrolls of recharging {unknown}
 x - 3 scrolls of fear {unknown}
 y - 4 scrolls of teleportation {unknown}
 I - 4 scrolls of magic mapping
 J - a scroll of blinking {unknown}
 K - a scroll of enchant weapon {unknown}
 L - a scroll of vulnerability {unknown}
 P - a scroll of immolation {unknown}
 R - a scroll of random uselessness {unknown}
 X - a scroll of amnesia {unknown}
Potions
 g - a potion of flight {unknown}
 h - 3 potions of heal wounds {unknown}
 m - 4 potions of lignification
 p - 3 potions of poison {unknown}
 A - 2 potions of brilliance {unknown}
 G - a potion of resistance {unknown}
 H - 2 potions of haste {unknown}
 M - a potion of curing {unknown}
 N - a potion of mutation {unknown}
 O - a potion of agility
Comestibles
 f - 4 bread rations
 i - 4 meat rations
 q - 2 beef jerkies
 E - 2 fruits
 W - 2 slices of pizza
 Y - a chunk of flesh
 Z - a royal jelly


   Skills:
 + Level 4.8 Fighting
 + Level 8.5 Long Blades
 - Level 1.7 Throwing
 + Level 3.6 Armour
 - Level 2.6 Dodging
 + Level 5.6 Invocations


You had 7 spell levels left.
You didn't know any spells.

Dungeon Overview and Level Annotations

Branches:
Dungeon (6/15)             Temple (1/1) D:5

Altars:
Ashenzari
Fedhas
Gozag
Kikubaaqudgha
Makhleb
Nemelex Xobeh
Okawaru
Trog
Vehumet
Xom
Yredelemnul
Zin
The Shining One

Shops:
D:4 (


Innate Abilities, Weirdness & Mutations

((You have hoof-like feet.))
(You are partially covered in rugged brown scales (AC +1, +3% HP).)
A weak demonic guardian rushes to your aid.
((You are partially covered in sharp spines.))


Message History

You barely miss the electric eel.
The electric eel is moderately wounded.
You miss the electric eel.
The electric eel is moderately wounded.
The electric eel shoots out a bolt of lightning at you!
The bolt of electricity hits you!
* * * LOW HITPOINT WARNING * * *
The bolt of electricity hits you!
* * * LOW HITPOINT WARNING * * *
The bolt of electricity hits the electric eel.
The electric eel completely resists.
Drink which item? (? for menu, Esc to quit)
It was a potion of lignification.
You turn into a tree.
Your +0 cloak melds into your body.
Your +1 helmet melds into your body.
Your +0 pair of boots melds into your body.
Your +0 plate armour melds into your body.
Your roots penetrate the ground.
The electric eel shoots out a bolt of lightning at you!
The bolt of electricity hits you! x2
You die...

.<......>P)P≈♣♣♣≈PP≈.....##
.....##...P≈≈♣≈♣PP...#####
########.P≈≈♣♣♣PP≈P.##
#..P≈≈≈≈♣PP###
#..PP≈≈≈♣PP.P####
#..≈P.≈≈≈♣≈≈≈≈.P#
##.....P.P♣≈≈≈P.P
####...PP;P≈♣≈≈P
###..♣P.PPPP≈ ###...PP≈P≈
######≈.P ##


You could see an electric eel.

Vanquished Creatures
  The ghost of totalnoob the Shield-Bearer, an amateur FoFi (D:3)
  A hippogriff (D:6)
  Edmund (D:6)
  Duvessa (D:6)
  An orc warrior (D:6)
  An ogre (D:4)
  A centaur (D:6)
  Dowan (D:6)
  A scorpion (D:6)
  A jelly (D:6)
  3 hounds
  A giant frog skeleton (D:6)
  2 orc priests
  A centaur skeleton (D:5)
  3 iguanas
  5 orc wizards
  3 worker ants
  A hound zombie (D:5)
  12 mummies (Ossuary)
  A worker ant zombie (D:6)
  A gnoll (D:1)
  7 adders
  3 shadow imps
  5 oozes
  4 worms
  3 giant geckos
  15 orcs
  3 ball pythons
  5 giant cockroaches
  7 goblins
  10 hobgoblins
  11 jackals
  2 quokkas
  A ball python skeleton (D:5)
  6 bats
  6 giant newts
  3 gnoll skeletons (Ossuary)
  2 goblin skeletons (Ossuary)
  A jackal skeleton (D:6)
  8 kobolds
  A kobold skeleton (Ossuary)
  2 orc skeletons (Ossuary)
  2 rats (D:1)
  11 rat skeletons (Ossuary)
161 creatures vanquished.

Vanquished Creatures (collateral kills)
  A sky beast (D:6)
  An ogre (D:6)
  A giant frog (D:6)
  A shadow imp (D:6)
  A giant gecko (D:6)
  2 orcs
7 creatures vanquished.

Grand Total: 168 creatures vanquished

Notes
Turn   | Place    | Note
--------------------------------------------------------------
     0 | D:1      | George the Demonspawn Gladiator began the quest for the Orb.
     0 | D:1      | Reached XP level 1. HP: 16/16 MP: 1/1
    29 | D:1      | Reached skill level 3 in Long Blades
    46 | D:1      | Gained mutation: A weak demonic guardian rushes to your aid. [demonic ancestry]
    46 | D:1      | Reached XP level 2. HP: 4/22 MP: 2/2
   463 | D:1      | Gained mutation: You are partially covered in sharp spines. [demonic ancestry]
   463 | D:1      | Reached XP level 3. HP: 27/27 MP: 3/3
   643 | D:1      | Reached skill level 4 in Long Blades
  1450 | D:2      | Reached XP level 4. HP: 20/33 MP: 2/4
  1621 | D:2      | Found a glowing golden altar of the Shining One.
  1714 | D:2      | Found a faded altar to an unknown god.
  1857 | D:2      | Found an opulent altar of Gozag.
  2134 | D:3      | Reached skill level 5 in Long Blades
  2223 | D:3      | Noticed totalnoob's ghost (amateur FoFi)
  2240 | D:3      | Killed totalnoob's ghost
  2240 | D:3      | Gained mutation: You have large cloven feet. [demonic ancestry]
  2240 | D:3      | Reached XP level 5. HP: 19/38 MP: 5/5
  2250 | D:3      | Reached skill level 6 in Long Blades
  2419 | D:3      | Found a shimmering altar of Xom.
  2434 | D:3      | Reached XP level 6. HP: 40/44 MP: 6/6
  3101 | D:4      | Reached skill level 7 in Long Blades
  3135 | D:4      | Gained mutation: You have hoof-like feet. [demonic ancestry]
  3135 | D:4      | Reached XP level 7. HP: 46/50 MP: 7/7
  3160 | D:4      | Found a shattered altar of Ashenzari.
  3229 | D:4      | Found Goeph's Weapon Shoppe.
  3311 | D:4      | Found a burning altar of Makhleb.
  3325 | D:4      | Became a worshipper of Makhleb the Destroyer
  3418 | D:5      | Entered Level 5 of the Dungeon
  3442 | D:5      | Found a sand-covered staircase.
  3456 | Ossuary  | Entered an ossuary
  3491 | Ossuary  | Reached skill level 1 in Invocations
  3823 | Ossuary  | Reached * piety under Makhleb
  4032 | D:5      | Found an iron altar of Okawaru.
  4069 | D:5      | Reached skill level 1 in Armour
  4367 | D:5      | Found a staircase to the Ecumenical Temple.
  4376 | Temple   | Entered the Ecumenical Temple
  4591 | D:5      | Found a basalt altar of Yredelemnul.
  4619 | D:5      | Reached ** piety under Makhleb
  4843 | D:6      | Gained mutation: You are partially covered in rugged brown scales (AC +1, +3% HP). [demonic ancestry]
  4843 | D:6      | Reached XP level 8. HP: 32/59 MP: 6/10
  4950 | D:6      | Noticed Edmund
  4962 | D:6      | Killed Edmund
  4962 | D:6      | Reached skill level 8 in Long Blades
  5059 | D:6      | Noticed Duvessa
  5059 | D:6      | Noticed Dowan
  5065 | D:6      | Killed Duvessa
  5065 | D:6      | Reached skill level 5 in Invocations
  5077 | D:6      | Killed Dowan
  5584 | D:6      | Reached *** piety under Makhleb
  5647 | D:6      | Found a glowing silver altar of Zin.
  5704 | D:6      | HP: 1/62 [electric eel/bolt of electricity (6)]
  5705 | D:6      | Killed from afar by an electric eel

Vault maps used:
D:1:      elethiomel_arrival_quiet, hangedman_decor_growths
D:2:      overflow_temple_1_default, ecumenical_altar_1, grunt_gozag_statues
D:3:      lemuel_crystal_altar, first_bread
D:4:      lemuel_doored_altar, lemuel_coloured_pillars_altar, serial_shops,
          nicolae_shop_crystal
D:5:      marbit_many_paths, lemuel_temple_firewalk,
          nicolae_ossuary_entry_false_entrances, basic_altar
D:6:      nicolae_overflow_crystal_walls, nicolae_overflow_hidden_temple,
          serial_bayou, serial_bayou_pond_d, serial_bayou_pond_a,
          serial_bayou_pond_b, serial_bayou_lagoon_a, kennysheep_nondescript,
          uniq_duvessa, uniq_edmund
Temple:   hc_temple_tempest_star_small
Ossuary:  ossuary_due_small_catacomb

Action                   |  1- 3 |  4- 6 |  7- 9 || total
-------------------------+-------+-------+-------++-------
Melee: Long sword        |    71 |    97 |   229 ||   397
  Use: Scroll            |       |       |     3 ||     3
       Potion            |       |       |     1 ||     1
 Stab: Sleeping          |     1 |       |       ||     1
       Distracted        |       |       |     2 ||     2
  Eat: Chunk             |     2 |     5 |     6 ||    13
       Royal jelly       |       |       |     1 ||     1
